 Dungeon Crawl Stone Soup version 0.21-a0-401-g0b6bec4 (webtiles) character file.

11795 kae the Geomancer (level 11, -1/59 HPs)
             Began as a Gargoyle Earth Elementalist on Oct 25, 2017.
             Was a Priest of Vehumet.
             Slain by an earth elemental (28 damage)
             ... in a labyrinth.
             The game lasted 00:16:10 (13405 turns).

kae the Geomancer (Gargoyle Earth Elementalist)    Turns: 13405, Time: 00:16:10

Health: -1/59      AC: 16    Str: 12    XL:     11   Next: 83%
Magic:  12/24      EV: 12    Int: 19    God:    Vehumet [***...]
Gold:   625        SH:  8    Dex: 10    Spells: 14/29 levels left

rFire    x . .     SeeInvis +   i - +1 dagger (elec)
rCold    + . .     Gourm    .   T - +0 buckler
rNeg     + + .     Faith    .   w - +2 robe {MR+}
rPois    ∞         Spirit   .   (no helmet)
rElec    +         Reflect  +   k - +0 cloak
rCorr    .         Harm     .   j - +1 pair of gloves
MR       ++...                  s - +0 pair of boots
Stlth    ++........             R - +4 amulet of reflection
HPRegen  0.19/turn              C - ring of positive energy
MPRegen  0.19/turn              h - ring of ice

@: no status effects
A: see invisible, magic resistance 1, negative energy resistance 1, electricity
resistance, unbreathing, petrification resistance, rot immunity, AC +8
a: Renounce Religion


You were in a labyrinth.
You worshipped Vehumet.
Vehumet was most pleased with you.
You were hungry.

You visited 3 branches of the dungeon, and saw 13 of its levels.
You also visited: Labyrinth and Ossuary.

You collected 625 gold pieces.

Inventory:

Hand Weapons
 g - a +0 club
 i - a +1 dagger of electrocution (weapon)
 I - a +1 quarterstaff of crushing
Missiles
 b - 121 stones (quivered)
Armour
 j - a +1 pair of gloves (worn)
 k - a +0 cloak (worn)
 s - a +0 pair of boots (worn)
 w - a +2 robe of magic resistance (worn)
 T - a +0 buckler (worn)
Jewellery
 h - a ring of ice (right hand)
 C - a ring of positive energy (left hand)
 R - a +4 amulet of reflection (around neck)
Scrolls
 r - 2 scrolls of remove curse
 u - a scroll of blinking
 y - 6 scrolls of teleportation
 E - 4 scrolls of fog
 F - a scroll of fear
 Z - 2 scrolls of amnesia
Potions
 a - 6 potions of curing
 f - 6 potions of heal wounds
 l - a potion of brilliance {unknown}
 o - 2 potions of lignification
 t - 2 potions of mutation
 x - 3 potions of haste
 z - 2 potions of might
 B - 4 potions of flight {unknown}
 D - 2 potions of invisibility
 G - a potion of agility
 H - a potion of cancellation
Comestibles
 d - 6 bread rations
 K - 4 fruits
 M - 5 meat rations
 P - 4 royal jellies


   Skills:
 + Level 2.6 Fighting
 + Level 2.3 Maces & Flails
 + Level 2.6 Armour
 + Level 2.6 Dodging
 - Level 2.1 Stealth
 - Level 4.0 Shields
 + Level 9.6 Spellcasting
 + Level 10.5 Conjurations
   Level 0.7 Transmutations
 + Level 12.3 Earth Magic


You had 14 spell levels left.
You knew the following spells:

 Your Spells              Type           Power        Failure   Level  Hunger
a - Sandblast             Erth           ######       1%          1    None
b - Stone Arrow           Conj/Erth      ######       1%          3    None
c - Lee's Rapid Deconstr  Erth           ######....   1%          5    #####..
d - Bolt of Fire          Conj/Fire      ####......   32%         6    ######.


Dungeon Overview and Level Annotations

Branches:
Dungeon (10/15)            Temple (1/1) D:6            Lair (2/6) D:8
  Swamp (0/4) Lair:2        Snake (0/4) Lair:2
    Orc: D:9-12

Altars:
Ashenzari
Cheibriados
Dithmenos
Elyvilon
Fedhas
Gozag
Hepliaklqana
Kikubaaqudgha
Makhleb
Nemelex Xobeh
Okawaru
Qazlal
Ru
Sif Muna
Trog
Uskayaw
Vehumet
Wu Jian
Xom
Yredelemnul
Zin
The Shining One

Shops:
D:10 *

Annotations:
D:3 exclusion: oklob plant
Lair:1 exclusion: oklob plant


Innate Abilities, Weirdness & Mutations

You are resistant to torment.
Your stone body is resilient. (AC +8)
You are immune to poison.
You resist negative energy. (rN+)
You are resistant to electric shocks. (rElec)
You can survive without breathing.
You are immune to petrification.
You are immune to rotting.
You have supernaturally acute eyesight. (SInv)
You are resistant to hostile enchantments. (MR+)


Message History

Aim: an earth elemental (lightly damaged)
The stone arrow hits the earth elemental.
The earth elemental is lightly damaged.
The earth elemental hits you.
Casting: Stone Arrow
Confirm with . or Enter, or press ? or * to list all spells.
Aiming: Stone Arrow
Press: ? - help, Shift-Dir - straight line, f/p - earth elemental
Aim: an earth elemental (lightly damaged)
The stone arrow hits the earth elemental.
The earth elemental is heavily damaged.
Casting: Stone Arrow
Confirm with . or Enter, or press ? or * to list all spells.
Aiming: Stone Arrow
Press: ? - help, Shift-Dir - straight line, f/p - earth elemental
Aim: an earth elemental (heavily damaged)
The stone arrow hits the earth elemental.
The earth elemental is severely damaged.
The earth elemental hits you!!
You die...

..#...#. . . #
##
#.#.#.#.#.#.##
...#.. #.#.#.#.#
. ..
#.#####.#.###..#
.#.#
...#....#......#
# . #.#.##.#.#..
.#
...#...#.##....
. # #.#..###..
##.#
#.@##$#.....# .#
###E.#.# ## #
....# .# .
##.#.# # # ...#
. . . ▓▓▓▓▓


You could see an earth elemental.

Vanquished Creatures
  A two-headed ogre (D:9)
  A black mamba (Lair:2)
  A centaur zombie (D:10)
  6 spiny frogs (Lair:1)
  2 komodo dragons
  A troll (D:10)
  A minotaur skeleton (Lab)
  3 hippogriffs
  Prince Ribbit (D:9)
  2 wyverns (D:10)
  4 hogs (D:7)
  5 yaks
  2 basilisks (Lab)
  Grum (D:9)
  A human (D:7)
  3 water moccasins
  A porcupine (Lair:1)
  An orc warrior (D:6)
  2 sky beasts (D:8)
  A black bear (D:8)
  A phantom (D:6)
  A necrophage (D:8)
  8 ogres
  5 centaurs
  3 wolves (D:8)
  A crocodile (Lair:1)
  13 bullfrogs
  3 water moccasin zombies (Ossuary)
  4 scorpions
  3 wights (D:6)
  3 electric eels
  A howler monkey (D:5)
  4 crimson imps
  5 hounds
  5 orc wizards
  2 orc priests
  2 jellies
  3 bullfrog skeletons
  4 iguanas
  6 worker ants
  A big kobold zombie (Ossuary)
  A hound skeleton (D:10)
  3 mummies
  A howler monkey zombie (D:7)
  Robin (D:2)
  4 adders
  4 gnolls (D:8)
  6 shadow imps
  9 adder zombies
  An adder skeleton (D:9)
  3 worms
  4 dart slugs
  7 leopard geckos
  24 orcs
  10 giant cockroaches
  12 goblins
  11 hobgoblins
  11 jackals
  3 quokkas
  A ball python (D:3)
  11 bats
  6 frilled lizards
  3 gnoll zombies (Ossuary)
  5 hobgoblin zombies (Ossuary)
  A jackal skeleton (D:4)
  8 kobolds
  7 kobold zombies (Ossuary)
  5 orc zombies (Ossuary)
  6 rats
  A spectral orc (D:4)
287 creatures vanquished.

Vanquished Creatures (others)
  A plant (Lair:1)
1 creature vanquished.

Grand Total: 288 creatures vanquished

Notes
Turn   | Place    | Note
-------+----------+-------------------------------------------
     0 | D:1      | kae the Gargoyle Earth Elementalist began the quest for the Orb.
     0 | D:1      | Reached XP level 1. HP: 10/10 MP: 3/3
   368 | D:1      | Reached XP level 2. HP: 12/15 MP: 5/5
   403 | D:1      | Reached skill level 4 in Earth Magic
  1303 | D:1      | Reached XP level 3. HP: 9/19 MP: 2/6
  1947 | D:2      | Found a snail-covered altar of Cheibriados.
  1947 | D:2      | Found a shimmering altar of Xom.
  2481 | D:2      | Found a white marble altar of Elyvilon.
  2515 | D:2      | Reached XP level 4. HP: 24/24 MP: 8/8
  2566 | D:2      | Learned a level 3 spell: Stone Arrow
  2581 | D:2      | Noticed Robin
  2581 | D:2      | Found an ornate altar of the Wu Jian Council.
  2888 | D:2      | Killed Robin
  2888 | D:2      | Reached skill level 5 in Earth Magic
  3078 | D:2      | Reached skill level 1 in Conjurations
  3332 | D:3      | Reached XP level 5. HP: 28/28 MP: 10/10
  3599 | D:3      | Found a blossoming altar of Fedhas.
  3620 | D:3      | Noticed an oklob plant
  4100 | D:4      | Reached XP level 6. HP: 22/32 MP: 11/11
  4129 | D:4      | Identified Xoovva's Papyrus of Fire
  4223 | D:4      | Found a basalt altar of Yredelemnul.
  4517 | D:4      | Found a sand-covered staircase.
  4548 | Ossuary  | Entered an ossuary
  4682 | Ossuary  | Reached skill level 6 in Earth Magic
  4821 | Ossuary  | Reached XP level 7. HP: 29/36 MP: 13/13
  5174 | D:4      | Found a deep blue altar of Sif Muna.
  5418 | D:5      | Entered Level 5 of the Dungeon
  5505 | D:5      | Found a glowing silver altar of Zin.
  5608 | D:5      | Reached skill level 7 in Earth Magic
  5736 | D:5      | Reached skill level 5 in Spellcasting
  5974 | D:5      | Reached XP level 8. HP: 27/41 MP: 12/15
  6102 | D:6      | Found a sacrificial altar of Ru.
  6112 | D:6      | Reached skill level 5 in Conjurations
  6156 | D:6      | Found a staircase to the Ecumenical Temple.
  6184 | Temple   | Entered the Ecumenical Temple
  6381 | Temple   | Became a worshipper of Vehumet
  6458 | D:6      | Reached skill level 8 in Earth Magic
  6910 | D:6      | Reached XP level 9. HP: 35/45 MP: 18/18
  7206 | D:7      | Reached skill level 9 in Earth Magic
  8178 | D:8      | Found an iron altar of Okawaru.
  8193 | D:8      | Reached * piety under Vehumet
  8193 | D:8      | Offered knowledge of Freeze by Vehumet.
  8200 | D:8      | Learned a level 5 spell: Lee's Rapid Deconstruction
  8330 | D:8      | Reached skill level 1 in Shields
  8500 | D:8      | Reached skill level 10 in Earth Magic
  8718 | D:8      | Found a staircase to the Lair.
  8839 | D:8      | Reached XP level 10. HP: 46/50 MP: 21/21
  9299 | D:9      | Found a glowing golden altar of the Shining One.
  9398 | D:9      | Noticed Grum
  9761 | D:9      | Noticed Prince Ribbit
  9764 | D:9      | Killed Prince Ribbit
  9764 | D:9      | Offered knowledge of Throw Frost by Vehumet.
 10019 | D:9      | Reached ** piety under Vehumet
 10079 | D:9      | Reached skill level 11 in Earth Magic
 10189 | D:9      | Killed Grum
 10247 | D:9      | Noticed a two-headed ogre
 10250 | D:9      | Killed a two-headed ogre
 10395 | D:9      | Found a burning altar of Makhleb.
 10395 | D:9      | Found a hide-covered altar of Uskayaw.
 10421 | D:9      | Found a bloodstained altar of Trog.
 10579 | D:10     | Entered Level 10 of the Dungeon
 10724 | D:10     | Offered knowledge of Dazzling Spray by Vehumet.
 10724 | D:10     | Reached XP level 11. HP: 54/54 MP: 23/23
 11128 | D:10     | Found Valluurph's Changing Room.
 11158 | D:10     | Reached skill level 10 in Conjurations
 11273 | D:10     | Reached *** piety under Vehumet
 11583 | Lair:1   | Entered Level 1 of the Lair of Beasts
 11587 | Lair:1   | Reached skill level 12 in Earth Magic
 11617 | Lair:1   | Reached skill level 1 in Fighting
 11844 | Lair:1   | Reached skill level 1 in Armour
 11878 | Lair:1   | Reached skill level 1 in Maces & Flails
 12445 | Lair:1   | Noticed an oklob plant
 12864 | Lair:1   | Learned a level 6 spell: Bolt of Fire
 12875 | Lair:1   | Gained mutation: You are resistant to hostile enchantments. (MR+) [potion of mutation]
 12875 | Lair:1   | Gained mutation: You have supernaturally acute eyesight. (SInv) [potion of mutation]
 13037 | Lair:2   | Found a labyrinth entrance.
 13053 | Lab      | Entered a labyrinth
 13405 | Lab      | Slain by an earth elemental

Vault maps used:
D:1:      roderic_crossed_star, hangedman_abyss_or_decor_stabs,
          serial_bayou_lake_a
D:2:      lemuel_doored_altar, lemuel_round_altar, grunt_temple_overflow_open,
          st_stairs_4, uniq_robin
D:3:      grunt_decor_clamped, tgw_fedhas
D:4:      yredelemnul_forgotten_temple_becter, gup_ossuary_entry_pyramid,
          led_sif_book
D:5:      zin_statuary, first_bread
D:6:      lemuel_crystal_altar, minmay_temple_entry_large_hall
D:7:      minivault_4, grunt_livestock
D:8:      kennysheep_little_box, lair_entry_dummy
D:9:      tso_metal_star, lemuel_round_altar, gammafunk_temple_overflow_wave,
          uniq_prince_ribbit1, uniq_grum
D:10:     nicolae_transmutations_shop
Temple:   chequers_temple_sunken
Lair:1:   minmay_lair_oklob_chamber, infiniplex_staircase_pool,
          serial_bayou_shore_b
Lair:2:   swamp_mist, minmay_snake_entry_guardpost_small, lab_entry_generic,
          cheibrodos_lair_reptile_den
Lab:      nicolae_lab_dead_adventurers, nicolae_lab_hexagon, lab_statue,
          nicolae_lab_x, nicolae_lab_diamond, nicolae_lab_quarters,
          nicolae_lab_swirl, nicolae_lab_dead_end
Ossuary:  ossuary_tomb_2

Skill      XL: |  1  2  3  4  5  6  7  8  9 10 11 |
---------------+----------------------------------+-----
Earth Magic    | 4 5 6 7 8 10 11 12 | 12.3
Spellcasting   | 3 4 5 6 7 8 9 |  9.6
Conjurations   | 1 2 3 4 6 8 9 10 | 10.5
Shields        | 2 4 |  4.0
Fighting       | 2 |  2.6
Armour         | 2 |  2.6
Maces & Flails | 2 |  2.3
Dodging        | 2 |  2.6
Stealth        | |  2.1
Transmutations | |  0.7

Action                   |  1- 3 |  4- 6 |  7- 9 | 10-12 || total
-------------------------+-------+-------+-------+-------++-------
Melee: Unarmed           |    78 |       |       |       ||    78
       Club              |    67 |       |       |       ||    67
       Dagger            |    58 |   266 |   244 |   223 ||   791
 Cast: Sandblast         |    14 |     7 |    68 |    35 ||   124
       Stone Arrow       |       |       |    28 |   125 ||   153
  Use: Scroll            |       |     8 |     9 |     9 ||    26
       Potion            |       |     1 |       |     1 ||     2
 Stab: Sleeping          |     4 |     5 |     2 |       ||    11
  Eat: Chunk             |     5 |     7 |     7 |    13 ||    32
       Fruit             |       |       |     3 |       ||     3
       Bread ration      |       |       |     1 |       ||     1
       Royal jelly       |       |       |       |     1 ||     1
Armor: Robe              |   112 |    97 |   112 |   120 ||   441
Dodge: Dodged            |   174 |   170 |   167 |   175 ||   686
Block: Buckler           |       |       |    14 |    89 ||   103

Table legend:
 A = Spawn XP
 B = Non-spawn XP
 C = Spawn XP percentage of total XP
 D = Spawn monster count
 E = Non-spawn monster count
 F = Spawn count percentage of total count
 G = Total turns spent on level
                    A         B        C        D         E        F      G
               +---------+---------+-------+---------+---------+-------+---------
         Total |       0 |   16851 |   0.0 |       0 |     287 |   0.0 | 13405
               +---------+---------+-------+---------+---------+-------+---------
           D:1 |       0 |      43 |   0.0 |       0 |      26 |   0.0 |  1947
           D:2 |       0 |      92 |   0.0 |       0 |      36 |   0.0 |  1262
           D:3 |       0 |     150 |   0.0 |       0 |      24 |   0.0 |   877
           D:4 |       0 |     321 |   0.0 |       0 |      12 |   0.0 |   858
           D:5 |       0 |     335 |   0.0 |       0 |      13 |   0.0 |   689
           D:6 |       0 |    1275 |   0.0 |       0 |      30 |   0.0 |   861
           D:7 |       0 |    1314 |   0.0 |       0 |      11 |   0.0 |   952
           D:8 |       0 |    2184 |   0.0 |       0 |      29 |   0.0 |  1629
           D:9 |       0 |    3007 |   0.0 |       0 |      30 |   0.0 |   835
          D:10 |       0 |    2218 |   0.0 |       0 |      21 |   0.0 |   977
        Lair:1 |       0 |    3763 |   0.0 |       0 |      17 |   0.0 |  1323
        Lair:2 |       0 |    1137 |   0.0 |       0 |       4 |   0.0 |   145
           Lab |       0 |     675 |   0.0 |       0 |       3 |   0.0 |   352
       Ossuary |       0 |     337 |   0.0 |       0 |      31 |   0.0 |   474
               +---------+---------+-------+---------+---------+-------+---------
